 Dungeon Crawl Stone Soup version 0.29.1-1-gd02db6906a (webtiles) character file.

Game seed: 881199764284957431

228 safid the Shooter (level 5, -2/45 HPs)
             Began as a Minotaur Hunter on Oct 6, 2022.
             Slain by a bullfrog (7 damage)
             ... on level 3 of the Dungeon.
             The game lasted 00:03:44 (1970 turns).

safid the Shooter (Minotaur Hunter)                 Turns: 1970, Time: 00:03:44

Health: -2/45      AC:  3    Str: 15    XL:     5   Next: 70%
Magic:  4/4        EV: 12    Int:  6    God:
Gold:   140        SH:  5    Dex: 16    Spells: 4/4 levels left

rFire   . . .      SeeInvis .   a - +0 shortbow
rCold   . . .      Faith    .   (shield currently unavailable)
rNeg    . . .      Spirit   .   c - +0 leather armour
rPois   .          Reflect  +   (helmet restricted)
rElec   .          Harm     .   (no cloak)
rCorr   .          Rampage  .   (no gloves)
Will    .....                   (no boots)
Stlth   +.........              i - amulet of reflection
HPRegen 0.15/turn               (no ring)
MPRegen 0.09/turn               (no ring)

@: no status effects
A: horns 2, retaliatory headbutt
a: no special abilities


You were on level 3 of the Dungeon.
You visited 1 branch of the dungeon, and saw 4 of its levels.

You collected 140 gold pieces.

Inventory:

Hand Weapons
 a - a +0 shortbow (weapon)
Armour
 c - a +0 leather armour (worn)
Jewellery
 i - an amulet of reflection (around neck)
Wands
 l - a wand of flame (26)
Scrolls
 b - 3 scrolls of immolation
 e - a scroll of enchant weapon {unknown}
 h - a scroll of teleportation {unknown}
 j - a scroll of enchant armour {unknown}
 k - 2 scrolls of identify {unknown}
 m - a scroll of poison {unknown}
 o - a scroll of noise {unknown}
Potions
 d - a potion of flight {unknown}
 f - a potion of curing {unknown}
 g - 3 potions of heal wounds
 n - a potion of resistance {unknown}


   Skills:
 - Level 3.0 Fighting
 + Level 7.5 Ranged Weapons
 - Level 2.1 Dodging
 - Level 0.7 Stealth


You had 4 spell levels left.
You didn't know any spells.
Your spell library contained the following spells:

 Spells                   Type           Power      Damage    Failure   Level
 Magic Dart               Conj           0%         1d3       52%         1
 Searing Ray              Conj           0%         2d4       67%         2
 Fulminant Prism          Conj/Hex       0%         3d6       99%         4


Dungeon Overview and Level Annotations

Branches:
Dungeon (4/15)
 Temple: D:4-7

Altars:

Shops:
D:3 (


Innate Abilities, Weirdness & Mutations

You have a pair of horns on your head.
You reflexively headbutt those who attack you in melee.


Message History

Press: ? - help, Q - select action, (/) - cycle Shift-Dir - straight line, f - bullfrog
Aim: a bullfrog (moderately wounded, 58% to hit)
You shoot an arrow. The arrow barely misses the bullfrog.
The bullfrog hits you but does no damage.
Unknown command.
Fire: a) +0 shortbow
Press: ? - help, Q - select action, (/) - cycle Shift-Dir - straight line, f/p - bullfrog
Aim: a bullfrog (moderately wounded, 58% to hit)
You shoot an arrow. The arrow hits the bullfrog!
The bullfrog is severely wounded.
The bullfrog hits you but does no damage.
The bullfrog misses you.
Fire: a) +0 shortbow
Press: ? - help, Q - select action, (/) - cycle Shift-Dir - straight line, f/p - bullfrog
Aim: a bullfrog (severely wounded, 58% to hit)
You shoot an arrow. The arrow closely misses the bullfrog.
The bullfrog hits you.
* * * LOW HITPOINT WARNING * * *
The bullfrog misses you.
Unknown command.
Fire: a) +0 shortbow
Press: ? - help, Q - select action, (/) - cycle Shift-Dir - straight line, f/p - bullfrog
Aim: a bullfrog (severely wounded, 58% to hit)
You shoot an arrow. The arrow closely misses the bullfrog.
You block the bullfrog's attack.
Unknown command.
Fire: a) +0 shortbow
Press: ? - help, Q - select action, (/) - cycle Shift-Dir - straight line, f/p - bullfrog
Aim: a bullfrog (severely wounded, 58% to hit)
You shoot an arrow. The arrow barely misses the bullfrog.
The bullfrog hits you but does no damage.
The bullfrog hits you.
* * * LOW HITPOINT WARNING * * *
Fire: a) +0 shortbow
Press: ? - help, Q - select action, (/) - cycle Shift-Dir - straight line, f/p - bullfrog
Aim: a bullfrog (heavily wounded, 58% to hit)
You shoot an arrow. The arrow hits the bullfrog!
The bullfrog is almost dead.
The bullfrog hits you!
You die...

......................)..#.#.####
##########.###.###.#.###.†.......
#.# #.###.#.# ###.#.####
########.###.##....# #.......
#..................# #.#.####
#.####.#.###..#...## #.#.# # #.#
#.#.# #..##.## #...# # #.#
#.#.###..##.# #)###### #.#
#.#.....F@..# #)# #.. #.#
#..####..##.#######.# #.# #.#
##.# #..##.........# #.# #.# #.#
#....##...###<####.# #.# ##.##
##.#.#..............
#.####...####.#........#.######
#.............###.....##.#
######...###### ##...###.# ##.##
##.## #.#


You could see a bullfrog.

Vanquished Creatures
  A jelly (D:3)
  An orc wizard (D:3)
  Terence (D:3)
  Robin (D:3)
  3 gnolls (D:3)
  4 adders (D:3)
  3 dart slugs (D:1)
  5 orcs (D:3)
  3 ball pythons (D:1)
  2 bats (D:2)
  5 endoplasms
  2 giant cockroaches
  14 goblins
  6 hobgoblins
  4 quokkas
  2 frilled lizards (D:1)
  4 kobolds
  4 rats
65 creatures vanquished.

Vanquished Creatures (others)
  3 withered plants (D:2)
3 creatures vanquished.

Grand Total: 68 creatures vanquished

Notes
Turn   | Place    | Note
-------+----------+-------------------------------------------
     0 | D:1      | safid the Minotaur Hunter began the quest for the Orb.
     0 | D:1      | Reached XP level 1. HP: 18/18 MP: 0/0
   198 | D:1      | Reached XP level 2. HP: 25/25 MP: 1/1
   420 | D:1      | Reached skill level 5 in Ranged Weapons
   701 | D:1      | Reached XP level 3. HP: 26/31 MP: 2/2
  1006 | D:2      | You fall into a shaft and drop 1 floor!
  1032 | D:3      | Noticed Robin
  1039 | D:3      | Killed Robin
  1127 | D:3      | Reached skill level 6 in Ranged Weapons
  1127 | D:3      | Reached XP level 4. HP: 38/38 MP: 3/3
  1375 | D:3      | Reached XP level 5. HP: 45/45 MP: 4/4
  1467 | D:3      | Noticed Terence
  1485 | D:3      | Killed Terence
  1486 | D:3      | Reached skill level 7 in Ranged Weapons
  1677 | D:3      | Found Veud Zibe's Weapon Boutique.
  1970 | D:3      | Slain by a bullfrog

Illustrated notes

Levels and vault maps discovered:
D:1:      minmay_arrival_jagged, layout_basic, serial_park_tiny_2,
          minmay_tetromino_s2
D:2:      layout_loops_cross, ebering_ecumenical_altar_petrified
D:3:      layout_loops_ring, serial_shops, shop, kennysheep_generic_room_9,
          uniq_robin, uniq_terence
D:4:      layout_rooms, nicolae_stop_n_shop_2, minmay_misc_feat_secret_circle,
          minmay_misc_feat_alley, moated_statue, uniq_sigmund

Skill      XL: |  1  2  3  4  5 |
---------------+----------------+-----
Fighting       | 3 |  3.0
Ranged Weapons | 5 6 7 |  7.5
Dodging        | |  2.1
Stealth        | |  0.7

Action                   |  1- 3 |  4- 6 || total
-------------------------+-------+-------++-------
 Fire: Shortbow          |   109 |    98 ||   207
Armor: Leather armour    |     5 |    13 ||    18
Dodge: Dodged            |    18 |    28 ||    46
Block: Other             |    11 |    11 ||    22
       Reflection        |     1 |       ||     1
